 Dungeon Crawl Stone Soup version 0.18-a0-1562-gac8da35 (webtiles) character file.

595423 4thArraOfDagon the Slayer (level 25, -2/212 (220) HPs)
             Began as a Minotaur Ice Elementalist on Mar 13, 2016.
             Was a High Priest of Makhleb.
             Slain by a jiangshi (8 damage)
             ... summoned by a greater mummy
             ... on level 3 of the Tomb of the Ancients.
             The game lasted 04:39:05 (40036 turns).

4thArraOfDagon the Slayer (MiIE)                   Turns: 40036, Time: 04:39:05

HP:   -2/212 (220)  AC: 38    Str: 13 (15) XL:     25   Next: 18%
MP:   39/39         EV: 10    Int: 21      God:    Makhleb [*****.]
Gold: 1297          SH:  0    Dex: 13      Spells: 9 memorised, 20 levels left

rFire  + + .     SeeInvis +     H - +9 battleaxe (freeze)
rCold  x . .     Gourm    .     g - +2 plate armour {rN+}
rNeg   + + +     Faith    .     (shield currently unavailable)
rPois  .         Spirit   .     E - +2 hat
rElec  +         Dismiss  .     S - +0 cloak of the Lonely Mice {rF+}
rCorr  .         Reflect  .     k - +2 pair of gloves {Dex+3}
SustAt .         Harm     .     F - +2 pair of boots {Fly}
MR     ++...                    e - amulet of Irhon {+Blink +Rage rElec Dex-5}
Stlth  ..........               Q - ring of Igokywku {rN+ MR+ Int+2}
                                y - ring "Zokiff" {Fire rN+ Dex+4 SInv}

@: slowed, repel missiles, very slow, very resistant to hostile enchantments,
extremely unstealthy
A: retaliatory headbutt, horns 2, talons 1, rough black scales 1, frail 1,
mutation resistance 1, screaming 1, weak 1, wild magic 1
a: Minor Destruction, Lesser Servant of Makhleb, Major Destruction, Greater
Servant of Makhleb, Renounce Religion, Evoke Blink, Evoke Berserk Rage, Evoke
Flight
}: 5/15 runes: decaying, serpentine, slimy, silver, abyssal


You were on level 3 of the Tomb of the Ancients.
You worshipped Makhleb.
Makhleb was extremely pleased with you.
You were hungry.

You visited 11 branches of the dungeon, and saw 54 of its levels.
You visited the Abyss 4 times.
You visited 1 bazaar.
You also visited: Labyrinth, Ossuary and Ice Cave.

You collected 6020 gold pieces.
You spent 4723 gold pieces at shops.

Inventory:

Hand Weapons
 r - the cursed +14 obsidian axe {chop, +Fly Str+3 SInv *Curse}
   (You took it off a deep elf sorcerer on level 3 of the Elven Halls)

   It inflicts extra damage upon your enemies.
   It affects your strength (+3).
   It lets you see invisible.
   It lets you fly.
   It may re-curse itself when equipped.
   It has a curse placed upon it.
 H - a +9 battleaxe of freezing (weapon)
Missiles
 A - 3 throwing nets (quivered)
Armour
 g - a +2 plate armour of positive energy (worn)
 j - a +0 gold dragon armour
 k - a +2 pair of gloves of dexterity (worn)
 E - a +2 hat (worn)
 F - a +2 pair of boots of flying (worn)
 S - the +0 cloak of the Lonely Mice (worn) {rF+}
   (You acquired it on level 4 of the Vaults)

   It protects you from fire.
Rods
 l - a -2 rod of shadows (9/9)
   (You found it on level 5 of the Abyss)
 C - a +0 rod of clouds (12/12)
   (You found it on level 1 of the Lair of Beasts)
Jewellery
 e - the amulet of Irhon (around neck) {+Blink +Rage rElec Dex-5}
   (You took it off a deep elf high priest on level 3 of the Elven Halls)

   [amulet of rage]

   It affects your dexterity (-5).
   It insulates you from electricity.
   It lets you blink.
   It lets you go berserk.
 x - an uncursed ring of ice
 y - the ring "Zokiff" (left hand) {Fire rN+ Dex+4 SInv}
   (You bought it in a shop on level 10 of the Dungeon)

   [ring of fire]

   It enhances your fire magic, and weakens your ice magic.
   It affects your dexterity (+4).
   It protects you from fire.
   It makes you vulnerable to cold.
   It protects you from negative energy.
   It lets you see invisible.
 G - an uncursed ring of protection from fire
 Q - the ring of Igokywku (right hand) {rN+ MR+ Int+2}
   (You bought it in a shop on level 2 of the Orcish Mines)

   [ring of positive energy]

   It affects your intelligence (+2).
   It protects you from negative energy.
   It affects your resistance to hostile enchantments.
 V - the ring of Oppof {rPois MP+9}
   (You found it on level 6 of the Pits of Slime)

   [ring of poison resistance]

   It protects you from poison.
   It affects your magic capacity (+9).
Wands
 f - a wand of teleportation (9/9)
 o - a wand of teleportation (5/9)
 u - a wand of digging (13/24)
 v - a wand of digging (5/24)
 K - a wand of heal wounds (6/9)
 N - a wand of disintegration (4/24)
Scrolls
 d - 2 scrolls of holy word
 h - 3 scrolls of teleportation
 m - 15 scrolls of remove curse
 q - 5 scrolls of blinking
 t - 4 scrolls of fog
 z - 4 scrolls of silence
 U - 2 scrolls of identify
 W - 2 scrolls of summoning
 X - 9 scrolls of magic mapping
 Y - 8 scrolls of enchant weapon
Potions
 a - 9 potions of flight
 b - 3 potions of cancellation
 p - 10 potions of haste
 s - 3 potions of might
 w - 8 potions of brilliance
 B - 5 potions of resistance
 D - 8 potions of curing
 L - 8 potions of ambrosia
 R - 7 potions of heal wounds
 T - 5 potions of magic
Miscellaneous
 i - an ornate deck of defence {the Elixir}
 I - an ornate deck of summoning {the Dance, drawn: 2}
 J - a lamp of fire
 M - a phial of floods
 O - a fan of gales
 P - a box of beasts
 Z - a legendary deck of summoning {the Crusade}
Comestibles
 c - 22 bread rations
 n - 13 meat rations


   Skills:
 + Level 24.0 Fighting
 * Level 23.3 Axes
 - Level 23.2 Armour
 - Level 11.2 Dodging
 - Level 1.5 Stealth
 - Level 13.1 Spellcasting
   Level 0.6 Conjurations
 - Level 4.0 Hexes
 - Level 9.3 Charms
 - Level 10.1 Necromancy
 - Level 6.5 Translocations
   Level 3.5 Ice Magic
 - Level 9.0 Invocations
 - Level 7.0 Evocations


You had 20 spell levels left.
You knew the following spells:

 Your Spells              Type           Power        Failure   Level  Hunger
a - Repel Missiles        Chrm/Air       ######       30%         2    None
b - Apportation           Tloc           ######....   11%         1    None
c - Blink                 Tloc           N/A          19%         2    None
d - Passage of Golubria   Tloc           N/A          61%         4    None
e - Silence               Hex/Air        ####......   100%        5    ####...
f - Regeneration          Chrm/Necr      ######....   9%          3    None
g - Spectral Weapon       Hex/Chrm       ######..     26%         3    None
h - Controlled Blink      Tloc           N/A          100%        8    #######
i - Swiftness             Chrm/Air       ######..     30%         2    None


Dungeon Overview and Level Annotations

Branches:
Dungeon (15/15)            Temple (1/1) D:5            Lair (8/8) D:10
  Swamp (4/4) Lair:6        Snake (4/4) Lair:3        Slime (6/6) Lair:7
    Orc (2/2) D:10            Elf (3/3) Orc:2        Vaults (5/5) D:14
  Crypt (3/3) Vaults:3       Tomb (3/3) Crypt:3
 Depths: D:15

Altars:
Ashenzari
Elyvilon
Fedhas
Gozag
Makhleb
Nemelex Xobeh
Okawaru
Qazlal
Sif Muna
Trog
Vehumet
Xom
Yredelemnul
The Shining One
Jiyva

Shops:
D:4 *   D:9 =*[%%   D:10 =   Orc:2 *([=   Elf:3 :   Snake:1 *   Snake:4 (
Vaults:4 :

Portals:
Hell: Lair:8

Annotations:
D:4 Menkaure
D:8 Maurice
D:9 Chiseanne's ghost, novice MfHu
D:12 exclusion: downstairs, Erica
Snake:2 Vashnia
Snake:4 Mara
Slime:6 exclusion: upstairs
Orc:1 exclusion: downstairs


Innate Abilities, Weirdness & Mutations

You reflexively headbutt those who attack you in melee.
You have a pair of horns on your head.
You have sharp toenails.
You are partially covered in rough black scales (AC +4, Dex -1).
You are frail (-10% HP).
You are somewhat resistant to further mutation.
You occasionally shout uncontrollably at your foes.
You are weak. (Str -2)
Your spells are a little harder to cast, but a little more powerful.


Message History

You hit the jiangshi but do no damage.
The jiangshi is moderately damaged.
You slash the wolf spider simulacrum! You slash the jiangshi!
You freeze the jiangshi.
The jiangshi is moderately damaged.
You slash the lich! You freeze the lich.
The lich is moderately damaged.
The jiangshi claws you!
* * * LOW HITPOINT WARNING * * *
The jiangshi claws you but does no damage.
The jiangshi closely misses you. The jiangshi claws you!
* * * LOW HITPOINT WARNING * * *
The wolf spider simulacrum closely misses you.
The wolf spider simulacrum bites you.
* * * LOW HITPOINT WARNING * * *
The wolf spider simulacrum freezes you!!!
You feel a terrible chill!
* * * LOW HITPOINT WARNING * * *
The jiangshi completely misses you. The jiangshi claws you!
You die...

##..........
##...........
#............
####............
#...†...........
##...............
##................
##.V.......########
#.@Zz.######
#.LMV.## ....ZzW##
#.......##
#......## #......
#...... #......


You could see a greater mummy, a lich, 2 jiangshi, a shadow wraith (invisible),
a spectral five-headed hydra, a flying skull, a wight and a wolf spider
simulacrum.

Vanquished Creatures
  the Royal Jelly (Slime:6)
  7 greater mummies
  Nikola (Swamp:1)
  2 golden dragons (Vaults:5)
  The ghost of bl4d3 the Slayer, a veteran GrFi of the Shining One (Tomb:1)
  8 liches
  A tentacled monstrosity (Vaults:5)
  The ghost of MordorOrchid the Acrobat, a veteran SpAs of Okawaru (Crypt:3)
  An Ice Fiend (IceCv)
  A Hell Sentinel (Abyss:5)
  2 deep elf blademasters (Elf:3)
  10 acid blobs
  2 deep elf master archers (Elf:3)
  A quicksilver dragon (Abyss:5)
  3 titans (Vaults:5)
  13 tentacled starspawn
  An Executioner (Abyss:2)
  4 ancient champions
  A thorn hunter (Swamp:3)
  2 tengu reavers (Vaults:5)
  9 sphinxes
  2 shadow dragons
  5 revenants
  A storm dragon (Vaults:5)
  Wiglaf (Snake:4)
  4 frost giants
  3 azure jellies (Slime:6)
  5 greater nagas (Snake:4)
  8 vault wardens
  An iron dragon (Vaults:5)
  Donald (Snake:3)
  10 deep elf sorcerers
  A balrug (Abyss:5)
  A cacodemon (Abyss:5)
  Louise (Elf:3)
  4 deep elf elementalists (Elf:3)
  A draconian shifter (Abyss:5)
  An orc warlord (Orc:2)
  2 draconian annihilators
  10 ironheart preservers
  10 very ugly things
  9 ghouls
  2 war gargoyles (Vaults:5)
  4 stone giants
  2 salamander stormcallers
  A black draconian (Abyss:5)
  2 vampire knights (Crypt:2)
  2 bennus (Tomb:2)
  A green draconian (Abyss:5)
  9 deep elf demonologists
  A spectral titan (Crypt:3)
  A lorocyproca (Abyss:5)
  5 deep elf annihilators
  6 ettins
  9 eidola
  4 deep elf death magi
  28 vault guards
  A minotaur (Lab)
  Snorg (Orc:1)
  11 mummy priests
  2 death oozes (Slime:6)
  2 fire dragons
  A minotaur (shapeshifter) (Vaults:5)
  6 jiangshi
  13 yaktaur captains
  A quicksilver dragon zombie (Crypt:1)
  Erolcha (D:11)
  Fannar (D:10)
  A quicksilver dragon skeleton (Tomb:3)
  5 great orbs of eyes
  13 hydras
  11 naga warriors
  3 rakshasas
  4 deep elf high priests
  A ghost crab (Swamp:1)
  2 catoblepae
  3 centaur warriors
  2 ogre magi
  8 anacondas
  3 alligators
  A spectral frost giant (Crypt:3)
  3 tengu warriors (D:14)
  2 death knights
  3 orc high priests
  A hell hog (shapeshifter) (Vaults:5)
  23 dancing weapons
  4 vampire magi
  5 spectral storm dragons (Crypt:3)
  A death yak (Lair:8)
  3 soul eaters
  6 shock serpents
  A storm dragon zombie (Vaults:4)
  4 hell hogs (Abyss:5)
  2 titan skeletons
  30 thrashing horrors
  9 naga sharpshooters
  A sun demon (Lair:8)
  Sonja (D:13)
  15 wretched stars
  Nergalle (D:10)
  12 deep elf knights
  9 skeletal warriors
  A spectral emperor scorpion (Crypt:3)
  28 death scarabs
  A ghost moth zombie (Tomb:3)
  2 deep trolls
  A fire crab (Vaults:3)
  7 shadow wraiths
  A spark wasp zombie (Crypt:3)
  7 spatial maelstroms
  2 salamander mystics (Snake:3)
  2 wizards (Abyss:2)
  9 flayed ghosts
  5 swamp dragons (Swamp:4)
  A spriggan druid (Swamp:4)
  4 giant orange brains
  8 sea snakes
  4 unseen horrors
  An unseen horror (shapeshifter) (D:14)
  4 naga ritualists
  11 ironbrand convokers
  3 shadow demons (Abyss:5)
  A spectral wolf spider (Crypt:3)
  A golden dragon skeleton (Crypt:3)
  12 deep elf archers
  A wolf spider (Vaults:4)
  The ghost of bl4d3 the Cleaver, a novice GrFi of the Shining One (D:3)
  4 shambling mangroves
  Pikel (D:8)
  8 orc knights
  A sphinx zombie (Vaults:5)
  5 anubis guards (Tomb:2)
  7 phantasmal warriors
  A shadow dragon zombie (Vaults:5)
  3 shining eyes
  5 hill giants
  3 spectral iron dragons (Crypt:3)
  3 spectral fire dragons (Crypt:3)
  3 orc sorcerers
  7 necromancers
  10 cyclopes
  7 griffons
  58 deep elf magi
  2 spectral ice dragons (Crypt:3)
  A stone giant zombie (Vaults:5)
  7 hornets
  23 ugly things
  A statue (Abyss:2)
  12 salamanders
  A hornet (shapeshifter) (Vaults:4)
  10 mana vipers
  3 frost giant zombies
  A sphinx skeleton (Vaults:5)
  4 worldbinders
  91 starcursed masses
  3 manticores
  9 naga magi
  3 sixfirhies
  An apocalypse crab (Abyss:5)
  9 elephants
  2 black mambas (shapeshifter)
  7 guardian serpents
  7 vault sentinels
  A gargoyle (D:11)
  4 ice statues
  3 eyes of devastation
  A dire elephant skeleton (Crypt:2)
  14 black mambas
  15 smoke demons
  5 orange demons
  An efreet (D:14)
  10 spiny frogs
  5 kobold demonologists
  21 yaktaurs
  5 rime drakes
  7 ice devils
  A tormentor (Abyss:5)
  A hellion (Abyss:5)
  2 black draconian skeletons (Crypt:2)
  20 freezing wraiths
  3 hellwings
  12 ancient zymes
  3 anaconda simulacra (IceCv)
  28 guardian mummies
  A demonic crawler (Abyss:5)
  A sea snake zombie (Crypt:1)
  4 red devils
  A spectral harpy (Crypt:3)
  10 komodo dragons
  3 golden dragon simulacra
  10 trolls
  A polar bear (Lair:7)
  A polar bear (shapeshifter) (Vaults:4)
  8 bog bodies
  3 giant leeches
  7 two-headed ogres
  2 human simulacra
  2 boulder beetles (Vaults:4)
  29 raiju
  An ettin zombie (Vaults:4)
  A spectral swamp dragon (Crypt:3)
  7 ushabtiu
  A hydra skeleton (Crypt:3)
  57 slime creatures
  10 blink frogs
  A shock serpent simulacrum (Crypt:3)
  6 shadows
  8 vampires
  4 water elementals
  38 flying skulls
  3 air elementals
  9 ynoxinuls
  5 spriggans
  6 wyverns
  A hog (shapeshifter) (Vaults:1)
  4 hogs (Snake:1)
  A dire elephant simulacrum (Abyss:5)
  48 yaks
  2 black mamba skeletons
  3 basilisks
  2 fire elementals
  19 small abominations
  3 golden eyes
  58 large abominations
  14 wraiths
  9 hippogriffs
  14 neqoxecs
  Grum (D:8)
  32 vampire mosquitoes
  2 hungry ghosts
  A yaktaur simulacrum (Vaults:3)
  6 chaos spawn
  3 wargs
  A mottled dragon (D:11)
  5 spatial vortices
  10 insubstantial wisps
  An elf skeleton (Vaults:5)
  19 swamp worms
  2 harpy simulacra
  38 nagas
  11 water moccasins
  2 iron troll simulacra (IceCv)
  A hydra simulacrum (IceCv)
  A soldier ant (shapeshifter) (Vaults:4)
  A soldier ant (D:12)
  A faun skeleton (Crypt:3)
  2 hell hounds
  5 ice beasts
  5 sky beasts
  7 porcupines
  3 black bears
  9 swamp drakes
  A fire dragon simulacrum (Crypt:3)
  A slave (D:7)
  27 orc warriors
  13 wasps
  2 eyes of draining
  An ettin simulacrum (IceCv)
  An elephant zombie (Crypt:1)
  22 ogres
  An ogre (shapeshifter) (Abyss:2)
  3 necrophages
  A phantom (D:5)
  5 boggarts
  18 centaurs
  A hog zombie (Crypt:2)
  8 wolves
  7 crocodiles
  A manticore skeleton (Crypt:3)
  4 big kobolds
  Blork the orc (D:4)
  A wyvern zombie (Ossuary)
  A rime drake skeleton (Crypt:3)
  16 giant frogs
  4 earth elementals
  A gnoll sergeant (D:11)
  A hell hound zombie (Crypt:1)
  A yak zombie (Crypt:2)
  15 jellies
  A scorpion (D:13)
  2 troll zombies (Swamp:3)
  17 killer bees
  A troll skeleton (Swamp:3)
  A vampire bat (Orc:1)
  7 electric eels
  9 howler monkeys
  11 crimson imps
  2 giant frog zombies
  A black bear zombie (Crypt:3)
  A quasit (D:11)
  3 centaur zombies
  An elf simulacrum (Crypt:1)
  14 human zombies
  13 orc priests
  5 centaur skeletons
  7 hounds
  2 giant frog skeletons
  A demonspawn skeleton (Crypt:2)
  An iguana (shapeshifter) (Vaults:1)
  An iron imp (Abyss:2)
  A human skeleton (Tomb:1)
  13 iguanas
  10 worker ants
  13 orc wizards
  20 sheep
  A mottled dragon skeleton (Crypt:2)
  3 hound skeletons
  28 mummies
  3 worker ant zombies
  A howler monkey zombie (Ossuary)
  7 gnolls
  16 adders
  39 river rats
  2 shadow imps
  A white imp (Abyss:3)
  An ufetubus (Abyss:2)
  2 oozes
  An adder skeleton (D:6)
  A sheep skeleton (Crypt:3)
  3 worms
  A dart slug (D:1)
  4 giant geckos
  69 orcs
  3 ball pythons
  8 giant cockroaches
  A gnoll zombie (D:6)
  4 goblins
  2 hobgoblins
  12 jackals
  27 kobolds
  3 quokkas
  3 ball python skeletons
  12 bats
  A dart slug zombie (Crypt:2)
  3 giant newts
  A giant newt zombie (Crypt:3)
  A jackal skeleton (D:4)
  An orc zombie (D:9)
  2 quokka zombies
  6 rats
  A spectral orc (Crypt:3)
  7 briar patches (Swamp:3)
  2 crawling corpses (Elf:3)
  9 fungi
  A lurking horror (Abyss:5)
  2 plants
  12 starspawn tentacles
2276 creatures vanquished.

Vanquished Creatures (collateral kills)
  Khufu (Tomb:2)
  3 greater mummies (Tomb:2)
  A lich (Abyss:5)
  A tentacled monstrosity (Abyss:5)
  An acid blob (Slime:5)
  A sphinx (Tomb:1)
  A thorn hunter (Swamp:4)
  Frances (Swamp:1)
  Kirke (Snake:1)
  An azure jelly (Slime:6)
  A fire giant (Vaults:5)
  A greater naga (Snake:4)
  A frost giant (Vaults:5)
  A balrug (Abyss:5)
  A deep elf elementalist (Elf:3)
  A war gargoyle (Vaults:5)
  The ghost of bl4d3 the Fighter, a journeyman GrFi of the Shining One (Orc:2)
  2 bennus (Tomb:2)
  A deep elf demonologist (Vaults:5)
  2 ettins
  2 green deaths
  5 deep elf death magi
  A naga warrior (Snake:4)
  11 hydras
  An ogre mage (Vaults:5)
  2 shock serpents
  4 thrashing horrors (Abyss:5)
  A naga sharpshooter (Snake:3)
  A wretched star (Abyss:5)
  A swamp dragon (Swamp:4)
  A shadow wraith (Vaults:4)
  2 unseen horrors
  A sea snake (Snake:4)
  A starcursed mass (Abyss:5)
  An ironbrand convoker (Vaults:4)
  A griffon (Lair:6)
  A stone giant zombie (Vaults:4)
  An ugly thing (Swamp:3)
  A shining eye (shapeshifter) (Elf:3)
  2 deep elf magi
  A sixfirhy (Abyss:5)
  A salamander (Snake:3)
  A human skeleton (Vaults:5)
  A worldbinder (Abyss:5)
  3 black mambas (Snake:3)
  4 smoke demons
  An orange demon (Abyss:3)
  A yaktaur (Vaults:2)
  2 kobold demonologists (D:14)
  2 hellwings
  3 ice devils (Lair:8)
  A tormentor (Abyss:5)
  A guardian mummy (Tomb:1)
  An ancient zyme (Abyss:5)
  A troll (Orc:2)
  2 red devils (Abyss:5)
  A raiju (Abyss:5)
  3 blink frogs (Lair:3)
  A bog body (Crypt:3)
  3 ushabtiu
  2 spriggans (Swamp:1)
  5 large abominations (Abyss:5)
  3 yaks
  A ynoxinul (Abyss:3)
  A neqoxec (Abyss:5)
  2 nagas
  A swamp worm (Swamp:4)
  2 insubstantial wisps (Swamp:1)
  A porcupine (Lair:2)
  A water moccasin (Abyss:5)
  A hell hound (shapeshifter) (Vaults:5)
  An orc warrior (Orc:2)
  2 wasps (Swamp:1)
  An elf simulacrum (Vaults:5)
  A small abomination (Abyss:5)
  A giant frog (Lair:3)
  A scorpion (shapeshifter) (Vaults:5)
  A snapping turtle simulacrum (Crypt:3)
  An electric eel (Lair:3)
  A jelly (Slime:5)
  An orc priest (Orc:2)
  2 orc wizards (Orc:2)
  2 mummies
  A river rat (Lair:5)
  2 orcs (Orc:2)
  2 kobolds (D:14)
  3 fungi
142 creatures vanquished.

Vanquished Creatures (others)
  A lich (Tomb:2)
  A profane servitor (Abyss:5)
  An eldritch tentacle (Tomb:2)
  2 deep elf elementalists
  A stone giant (Vaults:5)
  A deep elf demonologist (Elf:3)
  A yaktaur captain (Vaults:5)
  A deep elf high priest (Elf:3)
  A naga warrior (Snake:4)
  A spriggan (Swamp:1)
  20 death scarabs
  A wizard (Lair:8)
  An ugly thing (Vaults:4)
  A black mamba zombie (Tomb:2)
  4 flying skulls (Tomb:2)
  3 golden eyes (Abyss:5)
  A naga (Snake:1)
  A swamp drake (Swamp:1)
  A wasp (Swamp:1)
  2 boggarts
  A small abomination (Abyss:5)
  A jelly (Slime:5)
  2 mummies (Tomb:2)
  An orc (Vaults:1)
  4 demonic plants (Abyss:5)
  58 eldritch tentacle segments (Tomb:2)
  7 fungi
  4 lost souls
  A lurking horror (Abyss:5)
  4 plants
  2 spectral weapons (Tomb:1)
  26 starspawn tentacles
  397 starspawn tentacle segments
  A withered plant (Ossuary)
555 creatures vanquished.

Grand Total: 2973 creatures vanquished

Notes
Turn   | Place    | Note
--------------------------------------------------------------
     0 | D:1      | 4thArraOfDagon the Minotaur Ice Elementalist began the quest for the Orb.
     0 | D:1      | Reached XP level 1. HP: 14/14 MP: 1/1
     0 | D:1      | R U FRAID?
     0 | D:1      | no?
    26 | D:1      | Reached skill level 1 in Fighting
   134 | D:1      | Reached skill level 2 in Fighting
   376 | D:1      | Reached XP level 2. HP: 24/24 MP: 0/3
   702 | D:1      | Reached skill level 3 in Fighting
   918 | D:2      | Found a white marble altar of Elyvilon.
   940 | D:2      | Reached XP level 3. HP: 31/31 MP: 1/4
  1801 | D:3      | Reached XP level 4. HP: 38/38 MP: 2/5
  1871 | D:3      | Noticed bl4d3's ghost (novice GrFi)
  2237 | D:4      | Noticed Blork the orc
  2279 | D:4      | Noticed Menkaure
  2353 | D:3      | Reached skill level 1 in Axes
  2353 | D:3      | Reached XP level 5. HP: 40/45 MP: 6/6
  2497 | D:4      | Found a bloodstained altar of Trog.
  2497 | D:4      | Found a blossoming altar of Fedhas.
  2634 | D:5      | Entered Level 5 of the Dungeon
  2636 | D:5      | Noticed a phantom
  2705 | D:4      | Reached XP level 6. HP: 21/51 MP: 3/7
  2975 | D:4      | Killed Blork the orc
  2975 | D:4      | Reached skill level 1 in Armour
  2978 | D:4      | Got a pitted battleaxe {chop}
  2979 | D:4      | Identified the +2 battleaxe "Juinir" {chop, +Inv MR+ MP-9 Str+4} (You took it off Blork the orc on level 4 of the Dungeon)
  3176 | D:5      | Reached skill level 5 in Axes
  3207 | D:5      | Reached XP level 7. HP: 49/58 MP: 0/8
  3318 | D:5      | Reached skill level 4 in Fighting
  3517 | D:5      | Found a staircase to the Ecumenical Temple.
  3522 | Temple   | Entered the Ecumenical Temple
  3558 | Temple   | Became a worshipper of Makhleb the Destroyer
  3846 | D:5      | Noticed a hungry ghost
  4139 | D:4      | Found Okhal's Assorted Antiques.
  4142 | D:4      | Bought a scroll labeled ASTROA QAWAU for 26 gold pieces
  4142 | D:4      | Bought a glowing ruby potion for 23 gold pieces
  4324 | D:6      | Found a shattered altar of Ashenzari.
  4350 | D:6      | Reached skill level 5 in Fighting
  4350 | D:6      | Reached XP level 8. HP: 54/68 MP: 0/9
  4358 | D:6      | Found a sand-covered staircase.
  4411 | Ossuary  | Entered an ossuary
  4443 | Ossuary  | Reached * piety under Makhleb
  4815 | D:6      | Reached skill level 6 in Fighting
  4836 | D:6      | Found a deep blue altar of Sif Muna.
  4888 | D:6      | Reached skill level 1 in Evocations
  4976 | D:6      | Reached skill level 5 in Dodging
  5195 | D:8      | Noticed Maurice
  5268 | D:7      | Reached skill level 5 in Armour
  5331 | D:7      | Reached XP level 9. HP: 63/78 MP: 1/10
  5973 | D:6      | Reached ** piety under Makhleb
  6104 | D:5      | Reached skill level 7 in Fighting
  6429 | D:3      | Killed bl4d3's ghost
  6723 | D:4      | Bought an emerald ring for 130 gold pieces
  7016 | D:8      | Reached skill level 10 in Axes
  7161 | D:8      | Noticed Grum
  7175 | D:8      | Killed Grum
  7199 | D:8      | Gained mutation: You are somewhat resistant to further mutation. [potion of mutation]
  7199 | D:8      | Gained mutation: Your spells are a little harder to cast, but a little more powerful. [potion of mutation]
  7237 | D:9      | Found Awnuceh's Food Boutique.
  7341 | D:8      | Noticed Pikel
  7358 | D:8      | Killed Pikel
  7358 | D:8      | Reached skill level 1 in Invocations
  7358 | D:8      | Reached XP level 10. HP: 55/88 MP: 2/11
  7477 | D:9      | Found Vikahiwe's Antique Armour Boutique.
  7491 | D:9      | Bought an embroidered cloak for 135 gold pieces
  7562 | D:9      | Noticed Erica
  7583 | D:9      | Found Guemior's Assorted Antiques.
  7587 | D:9      | Bought an emerald potion for 24 gold pieces
  7650 | D:9      | Found Oviaxto's Food Emporium.
  7704 | D:9      | Found Uneluzax's Jewellery Emporium.
  7712 | D:9      | Reached *** piety under Makhleb
  7752 | D:9      | Found an iron altar of Okawaru.
  7811 | D:9      | Noticed Chiseanne's ghost (novice MfHu)
  7815 | D:10     | Entered Level 10 of the Dungeon
  7831 | D:10     | Found a staircase to the Orcish Mines.
  7847 | Orc:1    | Entered Level 1 of the Orcish Mines
  7900 | Orc:1    | Reached skill level 8 in Fighting
  8158 | Orc:2    | Entered Level 2 of the Orcish Mines
  8158 | Orc:2    | Found Gunes's General Store.
  8158 | Orc:2    | Noticed a cyclops
  8158 | Orc:2    | Noticed an ettin
  8158 | Orc:2    | Noticed a cyclops
  8158 | Orc:2    | Noticed bl4d3's ghost (journeyman GrFi)
  8240 | D:11     | Noticed a manticore
  8368 | D:10     | Reached **** piety under Makhleb
  8398 | D:10     | Noticed a hill giant
  8454 | D:10     | Found a staircase to the Lair.
  8496 | D:10     | Noticed Nergalle
  8553 | D:10     | Noticed Fannar
  8563 | D:10     | Found Oxtudgh's Jewellery Shop.
  8691 | D:11     | Noticed a cyan ugly thing
  8943 | D:12     | Killed an unseen horror
  8943 | D:12     | Reached XP level 11. HP: 57/95 MP: 3/12
  8978 | D:12     | Found a labyrinth entrance.
  8983 | D:12     | Noticed a white ugly thing
  8998 | D:12     | Reached skill level 9 in Fighting
  9028 | D:12     | Killed a white ugly thing
  9038 | Lab      | Entered a labyrinth
  9441 | Lab      | Noticed a minotaur
  9454 | Lab      | Killed a minotaur
  9489 | Lab      | Identified Sif Muna's Tome of Clay and Changing
  9513 | D:11     | Noticed a red ugly thing
  9753 | D:13     | Noticed a centaur warrior
  9764 | D:13     | Killed a centaur warrior
  9764 | D:13     | Reached ***** piety under Makhleb
  9839 | D:13     | Noticed a seven-headed hydra
  9919 | D:13     | Noticed Sonja
  9929 | D:13     | Killed Sonja
  9957 | D:13     | Found an opulent altar of Gozag.
  9975 | D:13     | Noticed a catoblepas
  9991 | D:13     | Killed a catoblepas
 10233 | D:13     | Noticed a six-headed hydra
 10256 | D:13     | Reached skill level 5 in Invocations
 10289 | D:13     | Noticed a brown ugly thing
 10557 | D:12     | Killed an unseen horror
 10661 | D:12     | Reached skill level 10 in Fighting
 10661 | D:12     | Reached XP level 12. HP: 106/106 MP: 5/14
 10905 | D:11     | Noticed Erolcha
 10914 | D:11     | Killed Erolcha
 11158 | D:10     | Killed Nergalle
 11337 | D:10     | Killed Fannar
 11471 | D:10     | Reached skill level 10 in Armour
 11515 | D:10     | Learned a level 1 spell: Apportation
 11518 | D:10     | Learned a level 2 spell: Blink
 11523 | D:10     | Learned a level 4 spell: Passage of Golubria
 11542 | D:10     | Learned a level 5 spell: Silence
 11681 | D:9      | Bought a faintly humming scale mail for 270 gold pieces
 11691 | D:9      | Identified the +1 scale mail "Siekh" {rCorr Int-4 SInv Stlth+} (You bought it in a shop on level 9 of the Dungeon)
 12298 | D:12     | Reached skill level 11 in Fighting
 12381 | D:11     | Turgon: Congrats to the FoWn
 12404 | D:11     | 4thArraOfDagon: ohhh
 12404 | D:11     | 4thArraOfDagon: thanks:)
 12404 | D:11     | 4thArraOfDagon: 1/264 :)
 12425 | D:11     | Turgon: Yes, I wrote this
 12494 | D:11     | Turgon: Wouldn't have happened with Makh or TSO
 12497 | D:11     | Reached ****** piety under Makhleb
 12531 | D:13     | Turgon: I'm not sure if Ru is a good choice for extended
 12663 | D:14     | 4thArraOfDagon: brb
 12663 | D:14     | Turgon: ok
 12663 | D:14     | 4thArraOfDagon: back
 12663 | D:14     | 4thArraOfDagon: yea well i started liking ru
 12663 | D:14     | 4thArraOfDagon: apocalypse is so fun to use
 12663 | D:14     | 4thArraOfDagon: its strong but not consistent
 12663 | D:14     | 4thArraOfDagon: so it leaves you in lots of 50/50 situations
 12692 | D:14     | Noticed a four-headed hydra
 12926 | D:14     | Noticed a tengu warrior
 12953 | D:14     | Noticed a tengu warrior
 12966 | D:14     | Killed a tengu warrior
 12978 | D:14     | Killed a tengu warrior
 12978 | D:14     | Reached XP level 13. HP: 50/116 MP: 5/17
 13047 | D:14     | Reached skill level 10 in Dodging
 13128 | D:14     | Reached skill level 15 in Axes
 13220 | D:15     | Entered Level 15 of the Dungeon
 14126 | D:14     | Noticed a vault guard
 14295 | Lair:1   | Entered Level 1 of the Lair of Beasts
 14369 | Lair:1   | Identified a +0 rod of clouds (12/12) (You found it on level 1 of the Lair of Beasts)
 14975 | Lair:3   | Found a staircase to the Snake Pit.
 15382 | Lair:4   | Reached skill level 12 in Fighting
 15736 | Lair:5   | Turgon: or 1/264 situations
 15816 | Lair:5   | 4thArraOfDagon: yea
 15816 | Lair:5   | 4thArraOfDagon: thats more than fifty-fifty
 16052 | Lair:5   | Reached XP level 14. HP: 126/126 MP: 19/19
 16217 | Lair:6   | Turgon: At least Ru saved you
 16276 | Lair:6   | Turgon: When you were at 1 Hp antaeus felt asleep
 16341 | Lair:6   | Found a staircase to the Swamp.
 16513 | Lair:7   | Found a viscous altar of Jiyva.
 16513 | Lair:7   | Found a staircase to the Slime Pits.
 16566 | Lair:7   | Found a basalt altar of Yredelemnul.
 16889 | Lair:8   | Entered Level 8 of the Lair of Beasts
 17295 | Lair:8   | Found a burning altar of Makhleb.
 17413 | Lair:8   | Reached skill level 13 in Fighting
 17502 | Lair:8   | Found a gateway to Hell.
 17940 | Lair:4   | Gained mutation: You have sharp toenails. [potion of mutation]
 17940 | Lair:4   | Gained mutation: You are partially covered in rough black scales (AC +4, Dex -1). [potion of mutation]
 18147 | Orc:1    | Found a bloodstained altar of Trog.
 18147 | Orc:1    | Noticed Snorg
 18176 | Orc:1    | Killed Snorg
 18282 | Orc:1    | Found a deep blue altar of Sif Muna.
 18419 | Orc:2    | Noticed a stone giant
 18432 | Orc:2    | Killed a stone giant
 18441 | Orc:2    | Found Zuduujif's Antique Armour Shop.
 18451 | Orc:2    | Bought a crude plate armour for 756 gold pieces
 18476 | Orc:2    | Identified the cursed +1 plate armour of Fortitude {rElec rPois} (You bought it in a shop on level 2 of the Orcish Mines)
 18552 | Orc:2    | Found Laof's Jewellery Boutique.
 18615 | Orc:2    | Found a staircase to the Elven Halls.
 18647 | Orc:2    | Found a radiant altar of Vehumet.
 18721 | Orc:2    | Noticed an orc warlord
 18788 | Orc:2    | Killed bl4d3's ghost
 18788 | Orc:2    | Reached XP level 15. HP: 120/135 MP: 20/20
 18876 | Orc:2    | Found Uzaucir's Antique Weapon Emporium.
 19013 | Orc:2    | Bought a potion of haste for 150 gold pieces
 19013 | Orc:2    | Bought a potion of heal wounds for 75 gold pieces
 19013 | Orc:2    | Bought a potion of curing for 45 gold pieces
 19013 | Orc:2    | Bought a potion of haste for 150 gold pieces
 19107 | Orc:2    | Killed an orc warlord
 19186 | Elf:1    | Entered Level 1 of the Elven Halls
 19946 | Elf:2    | Turgon: I'd bet you have no regen spell
 19947 | Elf:2    | Found a deep blue altar of Sif Muna.
 19949 | Elf:2    | Turgon: But there is your book shop
 19949 | Elf:2    | 4thArraOfDagon: yea:(
 20039 | Elf:2    | Found a flickering gateway to a bazaar.
 20137 | Bazaar   | Entered a bazaar
 20150 | Bazaar   | Found Nitwab's Jewellery Shoppe.
 20210 | Bazaar   | Found Methi's Jewellery Shoppe.
 20218 | Bazaar   | 4thArraOfDagon: :(
 20221 | Bazaar   | timbw: man
 20223 | Bazaar   | Turgon: wow
 20250 | Bazaar   | Found Jit Emaysikh's Magic Scroll Shoppe.
 20257 | Bazaar   | Turgon: not enough gold for c)
 20261 | Bazaar   | timbw: and it was so cheap too
 20271 | Bazaar   | timbw: only 460
 20279 | Bazaar   | Turgon: yes
 20294 | Bazaar   | Found Boarefat's Magic Scroll Boutique.
 20302 | Bazaar   | 4thArraOfDagon: so many fantastic things
 20302 | Bazaar   | 4thArraOfDagon: i can't afford:(
 20302 | Bazaar   | timbw: the 10+ int ring
 20302 | Bazaar   | Bought a scroll of magic mapping for 38 gold pieces
 20302 | Bazaar   | Bought a scroll of magic mapping for 38 gold pieces
 20302 | Bazaar   | Bought 2 scrolls of teleportation for 66 gold pieces
 20302 | Bazaar   | Bought a scroll of blinking for 82 gold pieces
 20308 | Bazaar   | timbw: doesnt really fit with the axe murderer plan
 20311 | Bazaar   | Turgon: The shop keeper know that 4thArra has not much gold so they offer good prices
 20345 | Bazaar   | Turgon: keepers*
 20345 | Bazaar   | Bought 3 scrolls of magic mapping for 126 gold pieces
 20456 | Elf:1    | Reached skill level 14 in Fighting
 20457 | Elf:1    | Turgon: Another surprise today in tavern. A (new) player, after dying with his Fe, asked if RMsl/DMsl are useful spells...
 20502 | Elf:1    | Turgon: Alright, everybody starts as beginner
 20560 | Elf:3    | Entered Level 3 of the Elven Halls
 20762 | Elf:3    | 4thArraOfDagon: heh
 20762 | Elf:3    | 4thArraOfDagon: rmsl/dmsl should really be removed from spell arsenal really :S
 20796 | Elf:3    | 4thArraOfDagon: because thats another must-cast spell between fights
 20846 | Elf:3    | Reached skill level 15 in Fighting
 20995 | Elf:3    | Found Hala's Book Boutique.
 21161 | Elf:3    | Noticed a deep elf blademaster
 21204 | Elf:3    | Noticed Louise
 21212 | Elf:3    | Reached skill level 16 in Fighting
 21212 | Elf:3    | Reached XP level 16. HP: 132/151 MP: 21/21
 21484 | Elf:3    | Noticed a Brimstone Fiend
 21500 | Elf:3    | Reached skill level 17 in Fighting
 21552 | Elf:3    | Noticed a deep elf blademaster
 21569 | Elf:3    | Killed a deep elf blademaster
 21643 | Elf:3    | Noticed a deep elf master archer
 21658 | Elf:3    | Killed a deep elf master archer
 21658 | Elf:3    | Reached skill level 18 in Fighting
 21843 | Elf:3    | Reached skill level 19 in Fighting
 21848 | Elf:3    | Cast into level 2 of the Abyss (a deep elf sorcerer)
 22066 | Elf:3    | Escaped the Abyss
 22098 | Elf:3    | Noticed a Shadow Fiend
 22126 | Elf:3    | Cast into level 3 of the Abyss (a deep elf sorcerer)
 22229 | Abyss:3  | Reached skill level 15 in Armour
 22246 | Abyss:3  | Noticed a tentacled starspawn
 22252 | Abyss:3  | Killed a tentacled starspawn
 22252 | Abyss:3  | Reached skill level 5 in Evocations
 22289 | Abyss:3  | Noticed a tentacled starspawn
 22298 | Abyss:3  | Killed a tentacled starspawn
 22449 | Elf:3    | Escaped the Abyss
 22464 | Elf:3    | Reached XP level 17. HP: 128/170 MP: 22/22
 22478 | Elf:3    | Got a heavily runed jade amulet
 22535 | Elf:3    | Noticed a deep elf master archer
 22548 | Elf:3    | Killed a deep elf master archer
 22624 | Elf:3    | Reached skill level 20 in Fighting
 22672 | Elf:3    | Identified the amulet of Irhon {+Blink +Rage rElec Dex-5} (You took it off a deep elf high priest on level 3 of the Elven Halls)
 22690 | Elf:3    | Identified the Tome of the Voyage
 22823 | Elf:3    | Identified the Papyrus of the Dislocated Rocks
 22836 | Elf:3    | Learned a level 2 spell: Repel Missiles
 22972 | Elf:3    | Killed Louise
 22992 | Elf:3    | Killed a deep elf blademaster
 23085 | Elf:3    | Bought a book of Battle for 720 gold pieces
 23089 | Elf:3    | Learned a level 3 spell: Regeneration
 23093 | Elf:3    | Learned a level 3 spell: Spectral Weapon
 23134 | Elf:2    | Found a radiant altar of Vehumet.
 23141 | Elf:2    | Cast into level 2 of the Abyss (a deep elf sorcerer)
 23172 | Abyss:2  | Found an ancient bone altar of Kikubaaqudgha.
 23179 | Abyss:2  | Found an ancient bone altar of Kikubaaqudgha.
 23350 | Abyss:2  | Reached skill level 1 in Necromancy
 23352 | Abyss:2  | Reached skill level 1 in Hexes
 23352 | Abyss:2  | Reached skill level 1 in Charms
 23397 | Abyss:2  | Paralysed by accursed screaming for 1 turns
 23557 | Abyss:2  | Paralysed by accursed screaming for 1 turns
 23637 | Elf:2    | Escaped the Abyss
 23985 | Swamp:1  | Entered Level 1 of the Swamp
 24003 | Swamp:1  | Noticed Frances
 24018 | Swamp:1  | Killed Frances
 24274 | Swamp:1  | Noticed Nikola
 24293 | Swamp:1  | Killed Nikola
 24598 | Swamp:3  | Reached XP level 18. HP: 96/178 MP: 23/23
 24753 | Swamp:3  | Turgon: YAVP: 4thArra, icy old man and another 1-HP-story
 24794 | Swamp:3  | Turgon: https://crawl.develz.org/tavern/viewtopic.php?f=12&t=19434&sid=afd7c329c6d7e0ed0861ba182eed1b3d
 24810 | Swamp:4  | Entered Level 4 of the Swamp
 25183 | Swamp:4  | Got a decaying rune of Zot
 25421 | Snake:1  | Entered Level 1 of the Snake Pit
 25472 | Snake:1  | Reached skill level 5 in Spellcasting
 25479 | Snake:1  | Found Kusaej's General Store.
 25492 | Snake:1  | Bought a potion of haste for 140 gold pieces
 25572 | Snake:1  | Found a frozen archway.
 25588 | IceCv    | Entered an ice cave
 25693 | IceCv    | Noticed an Ice Fiend
 25706 | IceCv    | Killed an Ice Fiend
 25805 | IceCv    | Reached skill level 5 in Necromancy
 25896 | Snake:2  | Noticed Kirke
 25913 | Snake:1  | Killed Kirke
 25992 | Snake:2  | Noticed Vashnia
 26299 | Snake:3  | Noticed Donald
 26313 | Snake:3  | Killed Donald
 26482 | Snake:4  | Entered Level 4 of the Snake Pit
 26482 | Snake:4  | Found Unyh Jeew's Antique Weapon Emporium.
 26482 | Snake:4  | Noticed Mara
 26635 | Snake:3  | Learned a level 8 spell: Controlled Blink
 26790 | Snake:4  | Noticed 4thArraOfDagon's illusion
 26845 | Snake:4  | Reached skill level 5 in Charms
 26982 | Snake:4  | Reached XP level 19. HP: 159/185 MP: 27/27
 27144 | Snake:4  | Noticed Wiglaf
 27166 | Snake:4  | Killed Wiglaf
 27642 | Snake:4  | Got a serpentine rune of Zot
 27910 | D:9      | Bought an uncursed ring of resist corrosion for 260 gold pieces
 27948 | D:9      | Bought a scroll of blinking for 202 gold pieces
 27948 | D:9      | Bought a potion of heal wounds for 135 gold pieces
 27948 | D:9      | Bought a scroll of magic mapping for 94 gold pieces
 28093 | Slime:1  | Entered Level 1 of the Pits of Slime
 28418 | Slime:6  | Entered Level 6 of the Pits of Slime
 28592 | Slime:6  | Noticed the Royal Jelly
 28598 | Slime:6  | Killed the Royal Jelly
 28663 | Slime:6  | Identified Pisack's Intricacies of Theurgy (You found it on level 6 of the Pits of Slime)
 28666 | Slime:6  | Got a slimy rune of Zot
 28675 | Slime:6  | Learned a level 2 spell: Swiftness
 28706 | Slime:6  | Identified a +0 rod of ignition (9/9) (You found it on level 6 of the Pits of Slime)
 28770 | Slime:6  | Identified Giasit's Handbook of Destructive Envenoming (You found it on level 6 of the Pits of Slime)
 28783 | Slime:6  | Reached XP level 20. HP: 193/193 MP: 30/30
 28793 | Slime:6  | Identified Isuscharo's Tome of Earthen Transmutation (You found it on level 6 of the Pits of Slime)
 28804 | Slime:6  | Got a slimy silver ring
 28825 | Slime:6  | Identified the ring of Oppof {rPois MP+9} (You found it on level 6 of the Pits of Slime)
 29165 | D:14     | Found a gate to the Vaults.
 29181 | Vaults:1 | Entered Level 1 of the Vaults
 29904 | Vaults:3 | You fall through a shaft!
 29918 | Vaults:4 | Identified a scroll of acquirement
 29936 | Vaults:4 | Got a steaming cloak
 29950 | Vaults:4 | Identified the +0 cloak of the Lonely Mice {rF+} (You acquired it on level 4 of the Vaults)
 30233 | Vaults:3 | Found a staircase to the Crypt.
 30253 | Crypt:1  | Entered Level 1 of the Crypt
 30561 | Vaults:4 | Noticed a lich
 30571 | Vaults:4 | Killed a lich
 31118 | Vaults:4 | Reached XP level 21. HP: 144/201 MP: 33/33
 31149 | Vaults:4 | Found Iloete Uhuw's Book Shop.
 31210 | Vaults:5 | Entered Level 5 of the Vaults
 31262 | Vaults:5 | Reached skill level 10 in Necromancy
 31394 | Vaults:5 | Reached skill level 10 in Spellcasting
 31690 | Vaults:5 | Noticed a golden dragon
 31701 | Vaults:5 | Killed a golden dragon
 31952 | Vaults:5 | Noticed a golden dragon
 31966 | Vaults:5 | Killed a golden dragon
 32171 | Vaults:5 | Reached XP level 22. HP: 209/209 MP: 36/36
 32432 | Vaults:5 | Paralysed by a sphinx for 6 turns
 32458 | Vaults:5 | Got a silver rune of Zot
 32966 | D:14     | https://www.youtube.com/watch?v=pacDmoStYsw
 33075 | D:10     | Bought the ring "Zokiff" {Fire rN+ Dex+4 SInv} for 634 gold pieces
 33075 | D:10     | sry bruh
 33075 | D:10     | dinna time
 33244 | Orc:2    | Bought the ring of Igokywku {rN+ MR+ Int+2} for 404 gold pieces
 34004 | Crypt:2  | Found a basalt altar of Yredelemnul.
 34133 | Crypt:3  | Entered Level 3 of the Crypt
 34133 | Crypt:3  | Noticed MordorOrchid's ghost (veteran SpAs)
 34498 | Crypt:3  | Killed MordorOrchid's ghost
 35449 | Crypt:3  | Got a coiled tin ring
 35450 | Crypt:3  | Identified the ring of Uxulihor {*Tele Dex+4} (You found it on level 3 of the Crypt)
 35453 | Crypt:3  | Identified the Reference Book on Stolen Souls
 35565 | Crypt:3  | Reached XP level 23. HP: 215/215 MP: 38/38
 35675 | Crypt:3  | Found a basalt altar of Yredelemnul.
 35714 | Crypt:3  | Found a staircase to the Tomb.
 35803 | Tomb:1   | Entered Level 1 of the Tomb of the Ancients
 35883 | Tomb:1   | Paralysed by a sphinx for 3 turns
 36011 | Tomb:1   | Noticed a greater mummy
 36064 | Tomb:1   | Killed a greater mummy
 36186 | Tomb:1   | Noticed a greater mummy
 36231 | Tomb:1   | Killed a greater mummy
 36231 | Tomb:1   | Reached skill level 21 in Fighting
 36276 | Tomb:1   | Noticed bl4d3's ghost (veteran GrFi)
 36278 | Tomb:1   | Noticed a greater mummy
 36339 | Tomb:1   | Killed bl4d3's ghost
 36351 | Tomb:1   | Killed a greater mummy
 36567 | Tomb:1   | Cast into level 5 of the Abyss (a Zot trap)
 36567 | Abyss:5  | Entered Level 5 of the Abyss
 36568 | Abyss:5  | Wut
 36572 | Abyss:5  | Found a corrupted altar of Lugonu.
 36599 | Abyss:5  | Found a deep blue altar of Sif Muna.
 36670 | Abyss:5  | Identified a -2 rod of shadows (9/9) (You found it on level 5 of the Abyss)
 36673 | Abyss:5  | Found a deep blue altar of Sif Muna.
 36884 | Abyss:5  | Reached skill level 22 in Fighting
 37254 | Abyss:5  | Gained mutation: You are weak. (Str -2) [a neqoxec]
 37573 | Abyss:5  | Paralysed by accursed screaming for 1 turns
 37724 | Abyss:5  | Paralysed by accursed screaming for 1 turns
 37728 | Abyss:5  | Reached XP level 24. HP: 211/230 MP: 31/31
 37729 | Abyss:5  | Paralysed by accursed screaming for 1 turns
 37980 | Abyss:5  | Reached skill level 1 in Translocations
 38072 | Abyss:5  | Found a corrupted altar of Lugonu.
 38075 | Abyss:5  | Got an abyssal rune of Zot
 38367 | Abyss:5  | Reached skill level 23 in Fighting
 38469 | Abyss:5  | Paralysed by you for 4 turns
 38489 | Abyss:5  | Gained mutation: You are frail (-10% HP). [mutagenic glow]
 38623 | Abyss:5  | Reached skill level 5 in Translocations
 38663 | Abyss:5  | Gained mutation: You occasionally shout uncontrollably at your foes. [a neqoxec]
 38681 | Tomb:1   | Escaped the Abyss
 38795 | Tomb:3   | Entered Level 3 of the Tomb of the Ancients
 38877 | Tomb:3   | Noticed a greater mummy
 39033 | Tomb:3   | Noticed a greater mummy
 39064 | Tomb:3   | Noticed a greater mummy
 39224 | Tomb:2   | Killed a greater mummy
 39267 | Tomb:3   | Noticed a greater mummy
 39284 | Tomb:2   | Killed a greater mummy
 39399 | Tomb:2   | Killed a greater mummy
 39424 | Tomb:3   | Noticed a greater mummy
 39443 | Tomb:2   | Killed a greater mummy
 39608 | Tomb:2   | Killed a greater mummy
 39608 | Tomb:2   | Reached XP level 25. HP: 49/215 MP: 39/39
 39745 | Tomb:3   | Noticed Khufu
 39789 | Tomb:2   | Killed Khufu
 39858 | Tomb:3   | Noticed a greater mummy
 39879 | Tomb:3   | Killed a greater mummy
 39879 | Tomb:3   | Reached skill level 24 in Fighting
 39909 | Tomb:3   | Noticed a greater mummy
 39941 | Tomb:2   | Killed a greater mummy
 40023 | Tomb:3   | Noticed a greater mummy
 40036 | Tomb:3   | HP: 6/212 [wolf spider simulacrum[a greater mummy] (45)]
 40036 | Tomb:3   | Slain by a jiangshi

Vault maps used:
D:1:      erik_arrival_cave_to_civilisation
D:2:      nicolae_overflow_hidden_temple, kennysheep_nub, solitary_fountain
D:3:      guppyfry_early_lair_pool
D:4:      minitemple, serial_shops, shop, uniq_menkaure, uniq_blork_the_orc
D:5:      minmay_temple_entry_statues_pillars, first_bread
D:6:      lemuel_doored_altar, lemuel_round_altar, enter_ossuary_3
D:7:      minmay_misc_feat_nine_boxes
D:8:      blue_anna_alchemist, uniq_maurice, uniq_pikel, uniq_grum
D:9:      lemuel_crystal_altar, serial_shops, nicolae_shop_behind_doors, shop,
          kennysheep_little_box, shop_statue, shop,
          lemuel_mausoleum_altar_kikubaaqudgha, uniq_erica
D:10:     dpeg_oklobed_lair, orc_0_dummy, serial_shops,
          nicolae_shop_temple_entry_statues_fountains, minmay_radiant,
          uniq_fannar, uniq_nergalle
D:11:     uniq_erolcha
D:12:     lab_entry_generic, nicolae_tso_swordbearing_angel
D:13:     nicolae_gozag_cash_rules_everything_around_me, uniq_sonja
D:14:     david_vaults_5, hangedman_glass_teeth
D:15:     grunt_enter_depths_magical_seal, nrook_mini_backslash
Temple:   hc_temple_tempest_star
Lair:2:   statuecave_lemuel, small_statue_intersection, st_stairs_10,
          beast_lair_carwin_1
Lair:3:   guppyfry_snake_entry_island, serial_bayou, serial_bayou_lake_a,
          serial_bayou_ford_a, serial_bayou_pond_e, serial_bayou_lagoon_b,
          grunt_megastairs_3
Lair:4:   serial_bayou_shore_b, lemuel_fruit_tree, bh_autumn_forest_stairs
Lair:5:   grunt_forest_stairs_basic, grunt_megastairs_2
Lair:6:   minmay_swamp_entry_eels, special_room
Lair:7:   slime_altar_1, basic_altar, serial_bayou_shore_a, grunt_megastairs_4
Lair:8:   evil_forest
Swamp:1:  serial_swamp_ruin, hangedman_swamp_ruin_wall,
          evilmike_swamp_ruin_house_2, uniq_frances, uniq_nikola
Swamp:2:  nicolae_swamp_very_dense_foliage
Swamp:3:  infiniplex_staircase_pool, swamp_pool2, cheibrodos_swamp_minitomb
Swamp:4:  swamp, swamp_pool2
Snake:1:  portal_ice_cave_entry_ice_statue_01, serial_shops, shop_statue
Snake:2:  uniq_vashnia, uniq_kirke
Snake:3:  uniq_donald
Snake:4:  grunt_snake_rune_pools, serial_shops, shop, serial_bayou_shore_b,
          uniq_mara, uniq_wiglaf
Slime:4:  nicolae_slime_phagocytosis
Orc:1:    basic_altar, roderic_batcave, led_sif_book, uniq_snorg
Orc:2:    grunt_orc_gardens, grunt_orc_garden, grunt_orc_garden,
          grunt_orc_garden, grunt_orc_garden, basic_altar
Elf:1:    eino_elf_arrival_the_gate, minivault_28
Elf:2:    serial_shops, bzr_entry_gold, hangedman_feature_mirror, uniq_jorgrun,
          uniq_agnes
Elf:3:    grunt_elf_hall_diamonds, serial_shops,
          nicolae_shop_temple_entry_statues_fountains, uniq_louise
Vaults:1: v_misc_27, hangedman_vaults_unwind, nicolae_vaults_little_ls,
          grunt_vaults_trifunnel, v_pattern_5, vaults_room_large_hall,
          hangedman_vaults_maws, hangedman_vaults_stream,
          nicolae_vaults_murderbox, hangedman_vaults_impose, uniq_norris
Vaults:2: nicolae_vaults_little_squares_6, nicolae_vaults_stairing_the_circle,
          v_pattern_1, v_rooms_6, special_room_vaults
Vaults:3: hangedman_vaults_hat, minmay_crypt_entry_simple_statues,
          nicolae_vaults_circle_grid_a, hangedman_vaults_trim,
          hangedman_vaults_cutoff, v_rooms_5, ontoclasm_vaults_spin,
          vaults_mumra_chevron_long, v_misc_25, vaults_dpeg_diagonal
Vaults:4: v_pattern_3, vaults_room_mumra_shop_pool, ontoclasm_vaults_bender,
          nicolae_vaults_hallways_thing, v_rooms_6, kb_rosetta,
          vaults_room_pool, grunt_vaults_twisty, v_misc_28,
          nicolae_vaults_ninety_degrees, v_misc_5, ontoclasm_vaults_gateway
Crypt:1:  hangedman_screamer, uniq_margery
Crypt:2:  lemuel_vampire_tower, nicolae_crypt_cryptocurrency
Crypt:3:  due_elkab, basic_altar, grunt_ministairs_9, hangedman_feature_mirror,
          lemuel_statue_altar
Tomb:2:   uniq_boris
Tomb:3:   uniq_khufu
Abyss:2:  evilmike_abyss_exit_mutagenic
Abyss:3:  hangedman_elemental_corridor
Abyss:5:  grunt_abyss_rune_sword_and_sorcery, evilmike_abyss_exit_4,
          evilmike_abyss_exit_plants
Lab:      nicolae_lab_dead_adventurers
Bazaar:   bazaar_minmay_generic_d
Ossuary:  ossuary_zaba_flooded
IceCv:    ice_cave_tombish

Skill      XL: |  1  2  3  4  5  6  7  8  9 10 11 12 13 14 15 16 17 18 19 20 21 22 23 24 25 |
---------------+----------------------------------------------------------------------------+-----
Fighting       | 2 3 5 6 7 8 10 11 12 13 16 19 20 22 23 24 | 24.0
Ice Magic      | 3 |  3.5
Axes           | 1 3 5 6 8 10 12 13 14 16 18 20 21 22 23 | 23.3
Armour         | 2 3 5 6 7 9 10 11 13 14 15 16 17 18 19 23 | 23.2
Dodging        | 4 5 6 7 8 9 11 | 11.2
Evocations     | 1 3 5 7 |  7.0
Invocations    | 1 3 5 7 8 9 |  9.0
Spellcasting   | 4 6 7 9 11 12 13 | 13.1
Necromancy     | 3 6 8 9 10 | 10.1
Hexes          | 3 4 |  4.0
Charms         | 3 5 7 8 9 |  9.3
Translocations | 6 |  6.5
Stealth        | |  1.5
Conjurations   | |  0.6

Action                   |  1- 3 |  4- 6 |  7- 9 | 10-12 | 13-15 | 16-18 | 19-21 | 22-24 | 25-27 || total
-------------------------+-------+-------+-------+-------+-------+-------+-------+-------+-------++-------
Melee: Short sword       |    92 |    16 |       |       |       |       |       |       |       ||   108
       Unarmed           |     2 |       |       |       |       |       |       |       |       ||     2
       Hand axe          |       |    14 |       |       |       |       |       |       |       ||    14
       War axe           |       |    40 |       |       |       |       |       |       |       ||    40
       Battleaxe         |       |    19 |   312 |   620 |  1398 |  1239 |  1419 |  2261 |   109 ||  7377
 Fire: Blowgun           |       |       |       |    16 |     2 |       |       |       |       ||    18
Throw: Javelin           |     6 |     5 |     2 |     6 |       |       |       |       |       ||    19
       Throwing net      |       |       |       |     1 |       |       |       |     1 |       ||     2
 Cast: Freeze            |    15 |    42 |       |       |       |       |       |       |       ||    57
       Regeneration      |       |       |       |       |       |       |     6 |   113 |    17 ||   136
       Repel Missiles    |       |       |       |       |       |       |     1 |     3 |     1 ||     5
       Spectral Weapon   |       |       |       |       |       |       |       |     3 |       ||     3
       Apportation       |       |       |       |       |       |       |       |     1 |       ||     1
Invok: Lesser Servant of |       |       |       |     1 |    38 |    37 |    24 |    23 |     2 ||   125
       Greater Servant o |       |       |       |       |     2 |     2 |     2 |     6 |     4 ||    16
       Major Destruction |       |       |       |       |       |     3 |       |     5 |       ||     8
 Abil: Evoke Invisibilit |       |       |       |     9 |       |       |       |       |       ||     9
       Turn Visible      |       |       |       |     5 |       |       |       |       |       ||     5
       Evoke Berserk Rag |       |       |       |       |       |     1 |     2 |       |       ||     3
       Stop Flying       |       |       |       |       |       |       |       |     1 |       ||     1
Evoke: Wand              |       |       |    11 |     9 |    15 |    15 |    10 |     6 |       ||    66
       Deck              |       |       |       |       |     2 |       |     4 |       |       ||     6
       Rod               |       |       |       |       |       |     2 |       |       |       ||     2
       Lamp of fire      |       |       |       |       |       |       |       |     1 |       ||     1
  Use: Scroll            |     5 |     3 |     7 |    20 |    23 |    20 |     9 |    12 |     1 ||   100
       Potion            |       |     4 |     3 |     4 |     3 |     5 |    11 |     1 |     1 ||    32
 Stab: Sleeping          |     1 |       |       |     1 |     4 |       |       |       |       ||     6
       Distracted        |       |       |     1 |       |    10 |    14 |     6 |    17 |     2 ||    50
       Invisible         |       |       |       |     7 |       |     3 |    12 |       |       ||    22
       Paralysed         |       |       |       |     3 |       |       |       |       |       ||     3
       Petrifying        |       |       |       |       |     1 |       |       |       |       ||     1
       Held in net/web   |       |       |       |       |       |       |       |     5 |       ||     5
  Eat: Chunk             |     4 |     6 |    12 |    18 |    15 |     7 |     3 |     3 |       ||    68
       Fruit             |     1 |       |     5 |       |     6 |    23 |    28 |     4 |       ||    67
       Royal jelly       |       |     1 |       |     1 |     2 |       |     1 |       |       ||     5
       Pizza             |       |       |     2 |     1 |     1 |       |       |     3 |       ||     7
       Beef jerky        |       |       |       |     1 |     4 |     3 |     1 |     1 |       ||    10
       Meat ration       |       |       |       |       |       |       |       |     5 |     1 ||     6
       Bread ration      |       |       |       |       |       |       |       |     1 |       ||     1
